AoeStats
← TooCool Peru

Black Forest

505977458Analyzed
4v4 RM · 2mo ago on Sep 11, 2026· 52m 52s· 8 players
Game mode
Random Map
Map size
Large (8 player)
Population
200
Speed
Normal
Resources
Standard
Victory
Conquest
Starting age
Dark Age
Ending age
Imperial Age
RankedLock teamsTeams togetherTeam positionsShared explorationLock speedFull tech treeHidden civsTurbo modeCheats
Victory
Defeat
🇵🇪 Bohemians · Peru
1070
+14
🇫🇮 Khmer · Finland
1048
+15
🇫🇮 Celts · Finland
1045
+15
🇵🇪 Magyars · Peru
974
+18
vs
🇲🇽 Spanish · Mexico
1112
-18
🇦🇷 Burgundians · Argentina
1038
-16
🇪🇸 Bohemians · Spain
1012
-15
🇲🇽 Teutons · Mexico
960
-13
TooCool Peru
10:53 Feudal Age
14:40 Castle Age
12:47 Double-Bit Axe
13:08 Horse Collar
15:45 Bow Saw
15:48 Loom
17:48 Wheelbarrow
21:30 Town Watch
23:24 Fervor
24:30 Hand Cart
29:26 Imperial Age
29:21 Chemistry
29:43 Caravan
30:53 Houfnice
32:01 Siege Engineers
33:01 Padded Archer Armor
33:44 Wagenburg Tactics
35:09 Town Patrol
35:34 Fortified Wall
35:20 Murder Holes
35:06 Treadmill Crane
35:30 Scale Mail Armor
35:40 Forging
35:29 Pikeman
36:09 Squires
36:27 Chain Mail Armor
36:53 Halberdier
37:52 Heavy Plow
38:46 Conscription
41:14 Plate Mail Armor
41:19 Iron Casting
43:04 Two-Man Saw
42:24 Fletching
42:46 Masonry
42:16 Treadmill Crane
42:57 Ballistics
43:43 Arson
46:27 Architecture
47:09 Blast Furnace
46:05 Bodkin Arrow
46:25 Leather Archer Armor
49:26 Bracer
49:56 Ring Archer Armor
53:41 Bombard Tower
omAGIar
11:54 Feudal Age
15:29 Castle Age
13:38 Double-Bit Axe
14:41 Horse Collar
17:01 Bow Saw
18:00 Wheelbarrow
26:16 Gold Mining
26:18 Stone Mining
27:01 Hand Cart
26:36 Loom
28:05 Heavy Plow
30:10 Gold Shaft Mining
32:51 Imperial Age
30:46 Husbandry
30:57 Bloodlines
31:52 Scale Barding Armor
31:37 Fletching
32:55 Cavalier
34:54 Chain Barding Armor
34:21 Paladin
38:07 Scale Mail Armor
38:42 Plate Barding Armor
38:05 Bodkin Arrow
38:16 Treadmill Crane
38:32 Murder Holes
39:39 Chemistry
45:41 Corvinian Army
45:48 Corvinian Army
49:46 Padded Archer Armor
49:49 Bracer
52:48 Elite Magyar Huszar
kiertolaispoika
6:10 Loom
11:06 Feudal Age
11:56 Horse Collar
12:04 Double-Bit Axe
17:07 Castle Age
21:00 Gold Mining
21:21 Heavy Plow
28:38 Imperial Age
26:49 Wheelbarrow
29:55 Crop Rotation
29:41 Bow Saw
32:42 Chemistry
32:03 Ballistics
31:56 Forging
31:36 Fletching
32:03 Town Watch
32:35 Hand Cart
33:39 Bodkin Arrow
34:35 Heavy Scorpion
35:48 Stone Mining
36:33 Gold Shaft Mining
42:08 Iron Casting
41:34 Bracer
41:35 Scale Mail Armor
42:47 Pikeman
43:12 Arson
46:19 Chain Mail Armor
47:05 Blast Furnace
46:11 Caravan
46:07 Halberdier
48:01 Padded Archer Armor
48:07 Scale Barding Armor
48:10 Siege Engineers
PAKETI
2:55 Loom
12:15 Feudal Age
14:15 Horse Collar
14:22 Double-Bit Axe
18:42 Castle Age
16:57 Gold Mining
19:55 Heavy Plow
20:07 Bow Saw
26:53 Wheelbarrow
30:37 Imperial Age
29:01 Gold Shaft Mining
29:29 Stone Mining
29:36 Fletching
32:17 Heavy Scorpion
34:06 Stone Shaft Mining
34:06 Hand Cart
35:48 Ballistics
36:29 Chemistry
35:26 Bodkin Arrow
35:42 Forging
35:34 Arson
35:51 Scale Mail Armor
36:17 Siege Engineers
38:13 Cavalier
38:54 Husbandry
40:09 Scale Barding Armor
40:39 Iron Casting
40:23 Paladin
42:08 Chain Barding Armor
43:05 Blast Furnace
43:04 Conscription
43:14 Chain Barding Armor
Charlie 007
3:58 Loom
11:53 Feudal Age
16:29 Castle Age
15:16 Double-Bit Axe
15:26 Stone Mining
15:29 Gold Mining
15:29 Horse Collar
20:19 Wheelbarrow
20:01 Bow Saw
29:35 Fletching
33:35 Imperial Age
32:11 Bodkin Arrow
31:45 Elite Skirmisher
34:43 Pikeman
36:38 Chemistry
39:11 Ballistics
40:20 Two-Man Saw
41:39 Padded Archer Armor
41:40 Bracer
41:41 Scale Mail Armor
41:52 Forging
44:25 Halberdier
46:11 Caravan
46:47 Scale Barding Armor
47:01 Chain Mail Armor
47:22 Iron Casting
47:04 Leather Archer Armor
47:41 Gambesons
47:56 Squires
47:42 Arson
48:31 Plate Mail Armor
49:03 Blast Furnace
48:25 Conscription
49:12 Hand Cart
51:05 Heavy Plow
Alcatraz
0:28 Loom
14:11 Feudal Age
22:33 Castle Age
20:43 Double-Bit Axe
21:11 Horse Collar
22:42 Wheelbarrow
23:42 Bow Saw
26:34 Fortified Wall
30:58 Elite Skirmisher
31:01 Pikeman
31:42 Squires
32:17 Heavy Plow
33:18 Hand Cart
36:27 Imperial Age
34:58 Caravan
36:52 Chemistry
36:37 Scale Mail Armor
36:48 Forging
37:42 Conscription
41:10 Two-Man Saw
39:52 Halberdier
42:05 Arson
48:17 Chain Mail Armor
48:37 Iron Casting
48:03 Padded Archer Armor
52:25 Plate Mail Armor
52:56 Blast Furnace
xXRedHoodXx
11:51 Feudal Age
15:48 Castle Age
14:58 Double-Bit Axe
17:08 Bow Saw
20:07 Horse Collar
22:49 Wheelbarrow
22:00 Loom
22:01 Town Watch
22:51 Fervor
23:22 Gold Mining
23:22 Stone Mining
28:09 Imperial Age
30:12 Two-Man Saw
29:37 Hand Cart
30:06 Conscription
29:59 Forging
29:54 Scale Barding Armor
30:07 Cavalier
30:58 Bloodlines
31:28 Iron Casting
31:13 Chain Barding Armor
31:58 Stone Shaft Mining
32:24 Paladin
34:14 Blast Furnace
33:49 Plate Barding Armor
39:02 Crenellations
38:35 Fletching
39:32 Fortified Wall
39:44 Ballistics
39:27 Caravan
40:53 Bodkin Arrow
QuesoRuso
3:26 Loom
11:49 Feudal Age
16:31 Castle Age
15:19 Double-Bit Axe
15:14 Horse Collar
15:27 Gold Mining
16:29 Horse Collar
19:17 Heavy Plow
19:52 Bow Saw
24:53 Wheelbarrow
28:18 Crop Rotation
28:51 Two-Man Saw
30:28 Imperial Age
29:08 Hand Cart
30:49 Scale Barding Armor
30:55 Forging
30:15 Cavalier
30:55 Husbandry
30:15 Light Cavalry
30:21 Light Cavalry
32:57 Chain Barding Armor
33:12 Iron Casting
33:11 Onager
33:11 Capped Ram
34:30 Plate Barding Armor
35:02 Blast Furnace
34:55 Conscription
34:13 Paladin
36:23 Gold Shaft Mining
35:22 Hussar
38:37 Chemistry
46:39 Fletching
Connection lost

Rejoining the realm…

Still unreachable

The connection could not be restored.

Session expired

The server has moved on; the page needs a fresh start.